 Dungeon Crawl Stone Soup version 0.17.1-3-g152610e (webtiles) character file.

3744 Urist the Destroyer (level 9, -14/71 HPs)
             Began as a Grey Draconian Conjurer on Apr 7, 2016.
             Was a Priest of Dithmenos.
             Killed from afar by an orc sorcerer (21 damage)
             ... with a bolt of negative energy
             ... led by an orc knight
             ... on level 1 of the Orcish Mines.
             The game lasted 00:56:57 (11526 turns).

Urist the Destroyer (Grey Draconian Conjurer)      Turns: 11526, Time: 00:56:57

Health: -14/71     AC: 16    Str: 10 (12) XL:     9   Next: 93%
Magic:  5/19       EV: 15    Int: 14 (17) God:    Dithmenos [***...]
Gold:   156        SH:  0    Dex: 11 (12) Spells: 6 memorised, 2 levels left

rFire  . . .     SeeInvis .     d - +3 dagger (pain)
rCold  + . .     Clarity  .     (armour unavailable)
rNeg   . . .     SustAt   .     (no shield)
rPois  .         Gourm    .     (helmet restricted)
rElec  +         Spirit   .     k - +2 cloak
rCorr  .         Warding  .     (no gloves)
rMut   .         Stasis   .     s - +0 pair of boots
MR     .....                    i - amulet of faith
Stlth  +++.......               (no ring)
                                (no ring)

@: flying (expiring), wreathed by umbra, drained, not resistant to hostile
enchantments, fairly stealthy
A: walk through water, unfitting armour, cold resistance 1, electricity
resistance, unbreathing, cold-blooded, AC +12
a: Shadow Step, Renounce Religion


You were on level 1 of the Orcish Mines.
You worshipped Dithmenos.
Dithmenos was most pleased with you.
You were hungry.

You visited 2 branches of the dungeon, and saw 10 of its levels.
You also visited: Sewer.

You collected 576 gold pieces.
You spent 420 gold pieces at shops.

Inventory:

Hand Weapons
 d - a +3 dagger of pain (weapon)
Armour
 k - a +2 cloak (worn)
 s - a +0 pair of boots (worn)
Jewellery
 i - an amulet of faith (around neck)
 m - an uncursed amulet of guardian spirit
 o - an uncursed amulet of the gourmand
 x - an uncursed amulet of regeneration
Wands
 r - a wand of digging (1)
 z - a wand of magic darts (29)
Scrolls
 f - 2 scrolls of magic mapping
 g - 8 scrolls of identify
 j - a scroll of teleportation
 q - 5 scrolls of remove curse
Potions
 c - 5 potions of curing
 e - a potion of flight
 h - 2 potions of haste
 n - 3 potions of lignification
 u - a potion of poison
 v - 2 potions of brilliance
Books
 a - a book of Conjurations

   Spells                             Type                      Level
   a - Magic Dart                     Conjuration                  1
   b - Searing Ray                    Conjuration                  2
   c - Dazzling Spray                 Conjuration/Hexes            3
   d - Fulminant Prism                Conjuration/Hexes            4
   e - Iskenderun's Mystic Blast      Conjuration                  4
   f - Iskenderun's Battlesphere      Conjuration/Charms           5
 y - a book of Envenomations

   Spells                             Type                      Level
   a - Spider Form                    Transmutation/Poison         3
   b - Alistair's Intoxication        Transmutation/Poison         4
   c - Olgreb's Toxic Radiance        Poison                       4
   d - Poisonous Cloud                Conjuration/Poison/Air       6
Comestibles
 b - 4 bread rations


   Skills:
 + Level 3.7(3.2) Fighting
 + Level 2.8(2.3) Short Blades
 + Level 7.6(7.0) Dodging
 + Level 4.1(3.6) Stealth
 + Level 6.7(6.1) Spellcasting
 + Level 8.2(7.6) Conjurations
 - Level 0.1(0.0) Hexes


You had 2 spell levels left.
You knew the following spells:

 Your Spells              Type           Power        Failure   Level  Hunger
a - Magic Dart            Conj           ####         1%          1    None
b - Searing Ray           Conj           ####..       1%          2    #......
c - Dazzling Spray        Conj/Hex       ##......     12%         3    ###....
d - Iskenderun's Mystic   Conj           ####....     10%         4    ####...
e - Fulminant Prism       Conj/Hex       ##........   38%         4    ####...
f - Iskenderun's Battles  Conj/Chrm      ##......     89%         5    ######.


Dungeon Overview and Level Annotations

Branches:
Dungeon (9/15)             Temple (0/1) D:6             Orc (1/4) D:9
   Lair: D:8-11

Altars:
Ashenzari
Dithmenos
Fedhas
Gozag
Kikubaaqudgha
Okawaru
Ru
Sif Muna
Trog
Vehumet
Xom
The Shining One

Shops:
D:6 (   D:8 *   Orc:1 =


Innate Abilities, Weirdness & Mutations

You can walk through water.
Your dull iron-grey scales are very hard (AC +12).
Your body does not fit into most forms of armour.
You can survive without breathing.
You are cold-blooded and may be slowed by cold attacks.
Your flesh is cold resistant.
You are resistant to electric shocks.


Message History

Things that are here:
a robe; a dagger; an orc skeleton
Things that are here:
a short sword; an orc skeleton The smoke demon disappears in a puff of smoke!
The orc sorcerer mumbles some strange words.
You are starting to lose your buoyancy.
Things that are here:
a flail; a chain mail The orc sorcerer casts a spell at you.
You suddenly lose the ability to move!
The ynoxinul gestures at you.
Helpless, you fail to dodge the iron shot.
* * * LOW HITPOINT WARNING * * *
You can move again.
Things that are here:
a flail; a ring mail The ynoxinul gestures.
The orc sorcerer casts a spell at you. The bolt of negative energy hits you!
You feel drained.
You die...

## ### ###### ##.# #.## ###.##.#
##.. ####..###.#...#.## ##..####
#.#....#..#'#....####......##
#........'∩@)5...5##.......#
####.......##'#))....##..[#....
###.#..###........#o3.5...).#.3..
#......##.#......##.........#.#..
....^######.....####.....[#####..
##.....# #.......###....).###....
#####..###........##.............
# ##..#....###.......#........#
### #....#..##........#........#


You could see a ynoxinul, an orc sorcerer and 3 ufetubi.

Vanquished Creatures
  Psyche (D:8)
  A hungry ghost (D:7)
  A warg (Orc:1)
  A water moccasin (D:8)
  6 orc warriors
  Duvessa (D:6)
  A necrophage (D:8)
  A centaur (D:8)
  3 ogres
  2 big kobolds
  4 giant frogs
  A water moccasin zombie (D:7)
  Dowan (D:6)
  2 scorpions
  A jelly (D:9)
  A giant frog zombie (D:5)
  6 orc priests
  A giant frog skeleton (D:4)
  10 orc wizards
  4 crimson imps
  4 hounds
  2 worker ants
  An iguana (D:9)
  A hound zombie (D:3)
  2 hound skeletons (D:5)
  11 gnolls
  3 river rats (Sewer)
  11 adders
  2 shadow imps
  An ooze (D:1)
  An adder zombie (D:6)
  3 worms
  3 adder skeletons
  2 giant geckos
  47 orcs
  4 ball pythons
  9 giant cockroaches
  7 goblins
  8 hobgoblins
  6 jackals
  30 kobolds
  4 quokkas
  6 bats
  A giant gecko zombie (D:5)
  8 giant newts
  2 quokka zombies
  29 rats
257 creatures vanquished.

Vanquished Creatures (others)
  6 fulminant prisms
6 creatures vanquished.

Grand Total: 263 creatures vanquished

Notes
Turn   | Place    | Note
--------------------------------------------------------------
     0 | D:1      | Urist the Draconian Conjurer began the quest for the Orb.
     0 | D:1      | Reached XP level 1. HP: 14/14 MP: 3/3
   307 | D:1      | Reached XP level 2. HP: 20/20 MP: 5/5
   619 | D:1      | Learned a level 2 spell: Searing Ray
   905 | D:1      | Reached XP level 3. HP: 24/26 MP: 1/6
   944 | D:1      | Learned a level 3 spell: Dazzling Spray
  1188 | D:2      | Gained mutation: Your body sometimes deteriorates upon taking damage. [potion of mutation]
  1188 | D:2      | Gained mutation: You are resistant to electric shocks. [potion of mutation]
  1188 | D:2      | Gained mutation: Your flesh is cold resistant. [potion of mutation]
  1409 | D:2      | Reached XP level 4. HP: 33/33 MP: 0/8
  1565 | D:2      | Reached skill level 5 in Conjurations
  2070 | D:3      | Reached XP level 5. HP: 32/38 MP: 9/9
  2091 | D:3      | Gained mutation: Your body often deteriorates upon taking damage. [potion of mutation]
  2091 | D:3      | Gained mutation: You are dopey. (Int -2) [potion of mutation]
  2484 | D:3      | You fall through a shaft for 3 floors!
  2495 | D:6      | Noticed Dowan
  2501 | D:6      | Found a staircase to the Ecumenical Temple.
  2968 | D:5      | Entered Level 5 of the Dungeon
  2976 | D:5      | Found a sacrificial altar of Ru.
  2981 | D:5      | Noticed an orc warrior
  3055 | D:5      | Reached XP level 6. HP: 31/46 MP: 1/11
  3123 | D:5      | Noticed an ogre
  3529 | D:4      | Found a glowing drain.
  3549 | Sewer    | Entered a sewer
  3596 | Sewer    | Learned a level 4 spell: Iskenderun's Mystic Blast
  3894 | Sewer    | Reached skill level 1 in Fighting
  4097 | Sewer    | Your scales start taking on a dull iron-grey colour.
  4097 | Sewer    | Gained mutation: You can survive without breathing. [Grey Draconian growth]
  4097 | Sewer    | Reached XP level 7. HP: 22/52 MP: 2/13
  4395 | Sewer    | Learned a level 4 spell: Fulminant Prism
  4537 | D:4      | Reached skill level 6 in Conjurations
  5132 | D:4      | Reached skill level 1 in Short Blades
  5365 | D:4      | Found a shattered altar of Ashenzari.
  5366 | D:4      | Found a shadowy altar of Dithmenos.
  5370 | D:4      | Became a worshipper of Dithmenos the Shadowed
  5373 | D:4      | Found an iron altar of Okawaru.
  5728 | D:5      | Killed an ogre
  6054 | D:5      | Reached XP level 8. HP: 61/61 MP: 1/15
  6275 | D:5      | Found an opulent altar of Gozag.
  6289 | D:5      | Reached skill level 5 in Spellcasting
  6293 | D:5      | Reached * piety under Dithmenos
  6319 | D:5      | Killed an orc warrior
  6560 | D:5      | Found a radiant altar of Vehumet.
  6930 | D:5      | Reached skill level 5 in Dodging
  7143 | D:6      | Found an iron altar of Okawaru.
  7518 | D:6      | Found a deep blue altar of Sif Muna.
  7578 | D:6      | Found Lagg's Weapon Emporium.
  7706 | D:6      | Noticed Duvessa
  7720 | D:6      | Killed Dowan
  7743 | D:6      | Killed Duvessa
  8081 | D:7      | Reached skill level 7 in Conjurations
  8374 | D:7      | Reached XP level 9. HP: 68/68 MP: 6/17
  8514 | D:7      | Found a glowing golden altar of the Shining One.
  8525 | D:7      | Found a bloodstained altar of Trog.
  8535 | D:7      | Learned a level 5 spell: Iskenderun's Battlesphere
  9054 | D:8      | Reached ** piety under Dithmenos
  9202 | D:8      | Found Vuovos's General Store.
  9205 | D:8      | Noticed Psyche
  9210 | D:8      | Paralysed by Psyche for 2 turns
  9220 | D:8      | Killed Psyche
  9463 | D:8      | Found an ancient bone altar of Kikubaaqudgha.
  9466 | D:8      | Found a blossoming altar of Fedhas.
  9811 | D:9      | Found a staircase to the Orcish Mines.
 10070 | D:9      | Found a shimmering altar of Xom.
 10460 | Orc:1    | Entered Level 1 of the Orcish Mines
 10642 | Orc:1    | Reached skill level 8 in Conjurations
 10930 | Orc:1    | Found Yxod's Jewellery Emporium.
 10967 | Orc:1    | Reached *** piety under Dithmenos
 11255 | D:8      | Bought a potion of cure mutation for 420 gold pieces
 11255 | D:8      | Lost mutation: Your body often deteriorates upon taking damage. [potion of cure mutation]
 11255 | D:8      | Lost mutation: You are dopey. (Int -2) [potion of cure mutation]
 11255 | D:8      | Lost mutation: Your body sometimes deteriorates upon taking damage. [potion of cure mutation]
 11472 | Orc:1    | Noticed an orc knight
 11484 | Orc:1    | Noticed an orc sorcerer
 11492 | Orc:1    | Noticed a smoke demon
 11520 | Orc:1    | Paralysed by an orc sorcerer for 6 turns
 11526 | Orc:1    | Killed from afar by an orc sorcerer

Action                   |  1- 3 |  4- 6 |  7- 9 || total
-------------------------+-------+-------+-------++-------
Melee: Dagger            |    22 |   148 |   287 ||   457
 Cast: Magic Dart        |    44 |    67 |   218 ||   329
       Searing Ray       |     3 |    18 |    46 ||    67
       Iskenderun's Myst |       |     3 |     1 ||     4
       Dazzling Spray    |       |     1 |     2 ||     3
       Fulminant Prism   |       |       |     6 ||     6
  Use: Scroll            |     5 |     6 |     3 ||    14
       Potion            |     2 |     3 |    21 ||    26
 Stab: Sleeping          |     2 |     1 |     1 ||     4
       Invisible         |       |       |     1 ||     1
  Eat: Chunk             |     2 |    11 |    17 ||    30
       Meat ration       |       |     1 |     2 ||     3
       Beef jerky        |       |       |     1 ||     1
       Fruit             |       |       |     2 ||     2
       Bread ration      |       |       |     1 ||     1
